 Dungeon Crawl Stone Soup version 0.18-a0-1312-gf98331d (webtiles) character file.

289 Duffy the Shield-Bearer (level 6, 0/47 HPs)
             Began as a Formicid Fighter on Feb 14, 2016.
             Slain by a gnoll
             ... wielding a cursed +0 spear
              (7 damage)
             ... on level 4 of the Dungeon.
             The game lasted 00:02:43 (2862 turns).

Duffy the Shield-Bearer (Formicid Fighter)          Turns: 2862, Time: 00:02:43

Health: 0/47       AC:  8    Str: 22    XL:     6   Next: 58%
Magic:  6/6        EV:  8    Int:  8    God:
Gold:   124        SH: 10    Dex: 10    Spells: 0 memorised, 5 levels left

rFire  . . .     SeeInvis +     a - +0 war axe
rCold  . . .     Gourm    .     b - +0 scale mail
rNeg   . . .     Faith    +     c - +0 shield
rPois  .         Spirit   .     (helmet unavailable)
rElec  .         Dismiss  .     (no cloak)
rCorr  +         Reflect  .     (no gloves)
SustAt +         Harm     .     t - +0 pair of boots
MR     .....                    g - amulet of faith
Stlth  ..........               q - ring of resist corrosion
                                m - ring of sustain attributes

@: not resistant to hostile enchantments, extremely unstealthy
A: permanent stasis, dig shafts and tunnels, four strong arms, antennae 3
a: Dig, Shaft Self


You were on level 4 of the Dungeon.
You were hungry.

You visited 1 branch of the dungeon, and saw 4 of its levels.

You collected 124 gold pieces.


Innate Abilities, Weirdness & Mutations

You are under a permanent stasis effect.
You can dig through walls and to a lower floor.
Your four strong arms can wield two-handed weapons with a shield.
You have a pair of large antennae on your head (SInv).


   Skills:
 - Level 3.2 Fighting
 + Level 4.8 Axes
 - Level 3.2 Armour
 + Level 6.2 Shields


You had 5 spell levels left.
You didn't know any spells.

Inventory:

Hand Weapons
 a - a +0 war axe (weapon)
Armour
 b - a +0 scale mail (worn)
 c - a +0 shield (worn)
 t - a +0 pair of boots (worn)
Jewellery
 g - an amulet of faith (around neck)
 m - a ring of sustain attributes (left hand)
 q - a ring of resist corrosion (right hand)
Wands
 p - a wand of random effects (35/48)
Scrolls
 h - a scroll of immolation {unknown}
 i - a scroll of magic mapping {unknown}
 k - 2 scrolls of identify {unknown}
 l - 2 scrolls of blinking {unknown}
 r - 2 scrolls of teleportation {unknown}
Potions
 d - a potion of might
 e - a potion of cure mutation {unknown}
 j - 2 potions of brilliance {unknown}
 u - 2 potions of curing {unknown}
Books
 s - a book of the Sky
Comestibles
 f - 2 bread rations
 n - 3 beef jerkies
 o - a royal jelly

Dungeon Overview and Level Annotations

Branches:
Dungeon (4/15)
 Temple: D:4-7

Altars:
Kikubaaqudgha
Pakellas


Message History

You slash the gnoll!
You kill the gnoll!
You closely miss the gnoll. You block the gnoll's attack.
You hit the gnoll but do no damage.
The gnoll hits you with a flail of protection.
You barely miss the gnoll. The gnoll hits you but does no damage.
You closely miss the gnoll.
The gnoll hits you with a flail of protection.
You hit the gnoll.
The gnoll is lightly wounded.
The gnoll hits you but does no damage.
You hit the gnoll but do no damage.
The gnoll is lightly wounded.
The gnoll hits you with a flail of protection.
You block the gnoll's attack.
You completely miss the gnoll.
The gnoll is lightly wounded.
The gnoll hits you with a flail of protection!
You hit the gnoll but do no damage.
The gnoll is lightly wounded.
The gnoll hits you with a flail of protection!
You barely miss the gnoll.
The gnoll is lightly wounded.
The gnoll hits you but does no damage.
Your scale mail prevents you from hitting the gnoll.
The gnoll is lightly wounded.
The gnoll closely misses you.
You hit the gnoll.
The gnoll is moderately wounded.
You block the gnoll's attack.
You slash the gnoll!
You kill the gnoll!
You hit the gnoll but do no damage. The gnoll barely misses you.
The gnoll hits you with a spear!
You die...

......
#.......
#.........
#.......(.
#.........
#g......#
####g......#
#@#.#......#
##g#.......#
####......#
#......##..
####..........
#.............
#......##....#
#......# ...#
#......#
######


You could see a gnoll.

Action                   |  1- 3 |  4- 6 || total
-------------------------+-------+-------++-------
Melee: War axe           |   105 |   157 ||   262
 Abil: Dig               |       |     1 ||     1
  Eat: Chunk             |       |     6 ||     6

Notes
Turn   | Place    | Note
--------------------------------------------------------------
     0 | D:1      | Duffy the Formicid Fighter began the quest for the Orb.
     0 | D:1      | Reached XP level 1. HP: 18/18 MP: 1/1
   133 | D:1      | Reached XP level 2. HP: 21/24 MP: 2/2
   226 | D:1      | Reached skill level 4 in Shields
   491 | D:1      | Reached XP level 3. HP: 29/29 MP: 3/3
   853 | D:2      | Reached skill level 3 in Axes
   921 | D:2      | Reached XP level 4. HP: 35/35 MP: 4/4
  1100 | D:2      | Reached skill level 5 in Shields
  1103 | D:2      | Reached XP level 5. HP: 11/41 MP: 5/5
  1340 | D:2      | Found an oddly glowing altar of Pakellas.
  1898 | D:3      | Reached skill level 4 in Axes
  2662 | D:3      | Found an ancient bone altar of Kikubaaqudgha.
  2790 | D:4      | Noticed an ogre
  2797 | D:4      | Killed an ogre
  2797 | D:4      | Reached skill level 6 in Shields
  2797 | D:4      | Reached XP level 6. HP: 36/47 MP: 6/6
  2862 | D:4      | Slain by a gnoll

Vault maps used:
D:1:      lightli_arrival_quake
D:2:      grunt_pakellas_mercury, kennysheep_generic_room_11
D:3:      lemuel_round_altar
D:4:      portal_sewer_entry_a, first_bread

Vanquished Creatures
  An ogre
  An orc wizard
  6 gnolls
  4 adders
  6 worms
  A giant gecko
  3 orcs
  8 bats
  5 giant cockroaches
  4 hobgoblins
  2 jackals
  6 kobolds
  2 quokkas
  2 ball pythons
  A giant newt
  8 goblins
  12 rats
72 creatures vanquished.
